 Dungeon Crawl Stone Soup version 0.31-a0-365-gcf821cafb2 (webtiles) character file.

Game seed: 16745722127964030128

858 lunkers the Martial Artist (level 8, -2/59 HPs)
             Began as a Meteoran Shapeshifter on July 27, 2023.
             Was a Follower of Okawaru.
             Slain by Menkaure (11 damage)
             ... on level 6 of the Dungeon.
             The game lasted 00:04:36 (1952 turns).

lunkers the Martial Artist (Meteoran Shapeshifter)  Turns: 1952, Time: 00:04:37

Health: -2/59      AC:  7    Str: 16    XL:     8   Next: 46%
Magic:  12/12      EV: 14    Int: 10    God:    Okawaru [*.....]
Gold:   152        SH:  0    Dex: 17    Spells: 7/7 levels left

rFire   . .          .
                       - Unarmed
rCold   . . .        (no shield)
rNeg    . . .        v - +1 ring mail
rPois   .            (helmet currently unavailable)
rElec   .            (cloak currently unavailable)
rCorr   .            (gloves currently unavailable)
SInv    .            (boots currently unavailable)
Will    +....        i - amulet of magic regeneration
Stlth   +            (no ring)
HPRegen 0.29/turn    (no ring)
MPRegen 0.53/turn

%: no passive effects
@: lethally poisoned (-2 -> -5), beast-form, heroic, glowing
A: beast (slay +2), sense surroundings 1, otherworldly, glowing, explore regen
a: Begin Untransformation, Renounce Religion, Heroism


You were on level 6 of the Dungeon.
You worshipped Okawaru.
Okawaru was aware of your devotion.
You were a hulking beast.
You visited 1 branch of the dungeon, and saw 6 of its levels.

You collected 152 gold pieces.

Inventory:

Missiles
 m - a throwing net
Armour
 l - a +0 pair of gloves
 v - a +1 ring mail (worn)
Jewellery
 i - an amulet of magic regeneration (around neck)
Talismans
 c - a beast talisman
Wands
 b - a wand of acid (7)
 u - a wand of digging (8)
Scrolls
 a - 2 scrolls of brand weapon {unknown}
 h - 2 scrolls of enchant weapon {unknown}
Potions
 d - 2 potions of brilliance {unknown}
 e - a potion of heal wounds
 f - a potion of curing {unknown}
 g - 2 potions of magic
 n - a potion of degeneration {unknown}
 o - 2 potions of mutation
 q - a potion of attraction {unknown}
 r - a potion of lignification
 t - a potion of enlightenment {unknown}


   Skills:
 - Level 1.1(6.1) Fighting
 - Level 2.4(7.4) Dodging
 * Level 10.4(15.4) Unarmed Combat
 - Level 4.0 Invocations
 - Level 3.6 Shapeshifting


You had 7 spell levels left.
You didn't know any spells.
Your spell library contained the following spells:

 Spells                   Type           Power      Damage    Failure   Level
 Apportation              Tloc           0%         N/A       56%         1
 Freeze                   Ice            0%         1d3       56%         1
 Necrotise                Necr           0%         1d4       56%         1
 Sublimation of Blood     Necr           0%         N/A       71%         2
 Frozen Ramparts          Ice            0%         1d1       90%         3
 Hailstorm                Conj/Ice       0%         3d3       90%         3
 Passage of Golubria      Tloc           0%         N/A       100%        4
 Petrify                  Tmut/Erth      0%         N/A       100%        4
 Irradiate                Conj/Tmut      0%         3d11      100%        5
 Silence                  Hex/Air        0%         N/A       100%        5
 Lehudib's Crystal Spear  Conj/Erth      0%         10d2      100%        8
 Summon Small Mammal      Summ           Unusable   N/A       N/A         1

Dungeon Overview and Level Annotations

Branches:
Dungeon (6/15) Zot: 1665   Temple (0/1) D:5

Altars:
Fedhas
Okawaru
Uskayaw

Shops:
D:3 [   D:5 [   D:6 (

Annotations:
D:6 Menkaure


Innate Abilities, Weirdness & Mutations

You are a hulking beast.
Your limbs bulge with bestial killing power. (Slay +2)
You passively map a small area around you.
You are easily found by Zot.
You glow in the dark.
You regain HP and MP as you explore.


Message History

No target in view!
You hear the slow rusting of a drain nearby.
a - 2 scrolls labelled ROSYAWN IHYDEA (gained 1)
Found a club.
Found a stone staircase leading down.
No target in view!
No target in view!
No target in view!
No target in view!
No target in view!
No target in view!
No target in view!
You now have 152 gold pieces (gained 14).
You see here a +0 club.
A scorpion comes into view.
Menkaure, Prince of Dust comes into view.
Menkaure shouts!
Menkaure mumbles some strange words.
Menkaure seems to speed up.
You hear the slow rusting of a distant drain.
Menkaure calls on the powers of darkness!
The scorpion convulses!
Your body is wracked with pain!
* * * LOW HITPOINT WARNING * * *
The scorpion stings you.
* * * LOW HITPOINT WARNING * * *
You are poisoned.
The scorpion poisons you!
You feel very sick.
Okay, then.
You gain the combat prowess of a mighty hero.
You feel sick. The scorpion barely misses you.
You punch the scorpion!
You kill the scorpion!
Okawaru accepts your kill.
You feel sick.
You feel sick. Menkaure hits you!
* * * LOW HITPOINT WARNING * * *
You punch Menkaure! You punch Menkaure.
Menkaure is heavily damaged.
You feel sick. Menkaure hits you!
You die...

* *########## ,.........#
* # ########.#######
*.##.###########.......##
.................8......
*
.##.....########...##.##
, #.###.# #...<....## , ,
,#.##, #.# #.....#..#.
M....###h######...∩....#.
* ,
#...M.....##.....#.... *
* *#.##########...>.†....
, ** ##..).#..## ,
#..8....## , #...##.... ,
, #......... < ,,
.....###..# ,
..##+####...


You could see Menkaure (fast).

Vanquished Creatures
  A water moccasin (D:5)
  2 sky beasts
  An ogre (D:4)
  2 phantoms
  A scorpion (D:6)
  2 jellies
  A howler monkey (D:5)
  An orc priest (D:4)
  2 iguanas
  An orc wizard (D:4)
  6 adders
  A dart slug (D:4)
  4 orcs
  2 ball pythons (D:2)
  4 endoplasms
  3 goblins
  6 hobgoblins
  4 kobolds
  A quokka (D:2)
  3 bats
  A frilled lizard (D:3)
  2 rats
51 creatures vanquished.

Notes
Turn   | Place    | Note
-------+----------+-------------------------------------------
     0 | D:1      | lunkers the Meteoran Shapeshifter began the quest for the
                  | Orb.
     0 | D:1      | Reached XP level 1. HP: 16/16 MP: 2/2
    93 | D:1      | Found a faded altar of an unknown god.
   138 | D:1      | Reached skill level 4 in Unarmed Combat
   138 | D:1      | Reached XP level 2. HP: 21/23 MP: 3/3
   463 | D:2      | Reached XP level 3. HP: 17/28 MP: 4/4
   547 | D:2      | Reached skill level 5 in Unarmed Combat
   664 | D:3      | Reached XP level 4. HP: 21/35 MP: 5/5
   985 | D:3      | Found Haophead's Antique Armour Emporium.
  1080 | D:4      | Reached skill level 6 in Unarmed Combat
  1080 | D:4      | Reached XP level 5. HP: 40/40 MP: 6/6
  1081 | D:4      | Found a blossoming altar of Fedhas.
  1159 | D:4      | Reached skill level 7 in Unarmed Combat
  1320 | D:4      | Noticed an ogre
  1328 | D:4      | Killed an ogre
  1329 | D:4      | Reached XP level 6. HP: 16/47 MP: 7/7
  1358 | D:4      | Found an iron altar of Okawaru.
  1364 | D:4      | Became a worshipper of Warmaster Okawaru
  1402 | D:4      | Reached skill level 8 in Unarmed Combat
  1509 | D:5      | Entered Level 5 of the Dungeon
  1521 | D:5      | Reached XP level 7. HP: 50/52 MP: 8/8
  1525 | D:5      | Noticed a water moccasin
  1538 | D:5      | Killed a water moccasin
  1553 | D:5      | Reached skill level 9 in Unarmed Combat
  1652 | D:5      | Found a hide-covered altar of Uskayaw.
  1660 | D:5      | Reached * piety under Okawaru
  1720 | D:5      | Found a staircase to the Ecumenical Temple.
  1750 | D:5      | Reached XP level 8. HP: 59/59 MP: 11/11
  1818 | D:5      | Found Taprazoki's Antique Armour Shop.
  1842 | D:6      | Found Rof Ped's Antique Weapon Emporium.
  1858 | D:6      | Reached skill level 10 in Unarmed Combat
  1943 | D:6      | Noticed Menkaure
  1952 | D:6      | Slain by Menkaure

Illustrated notes

Levels and vault maps discovered:
D:1:      lemuel_arrival_funnel, layout_basic,
          ebering_ecumenical_altar_sacrificial
D:2:      layout_basic, minmay_misc_feat_iff, item_on_display_a
D:3:      layout_basic, old_standard_altar, serial_shops, shop, uniq_grinder
D:4:      layout_loops_corners, lemuel_doored_altar, old_standard_altar
D:5:      layout_loops_ring, trog_antimagical,
          nicolae_overflow_hallway_of_the_gods, nicolae_uskayaw_dance_hall,
          minmay_temple_entry_mist, serial_bayou, serial_bayou_pond_e,
          serial_bayou_shore_b, serial_bayou_pond_e, serial_bayou_shore_a,
          nicolae_take_the_stairs
D:6:      layout_basic, cheibrodos_sewer_entry_sluice, serial_park_tiny_2,
          kennysheep_nondescript, nicolae_stop_n_shop_2, uniq_menkaure

Skill      XL: |  1  2  3  4  5  6  7  8 |
---------------+-------------------------+-----
Unarmed Combat | 4 5 6 7 8 9 10 | 10.4
Invocations    | 3 4 |  4.0
Fighting       | |  1.1
Dodging        | |  2.4
Shapeshifting  | |  3.6

Action                     |  1- 3 |  4- 6 |  7- 9 || total
---------------------------+-------+-------+-------++-------
  Melee: Unarmed           |    51 |    50 |    63 ||   164
         Punch             |       |     2 |     5 ||     7
 Invoke: Heroism           |       |       |     1 ||     1
    Use: Potion            |       |     1 |       ||     1
         Scroll            |       |       |     7 ||     7
 Armour: Animal skin       |     8 |     5 |       ||    13
         Skin              |       |    16 |       ||    16
         Ring mail         |       |       |    11 ||    11
         Leather armour    |       |       |     1 ||     1
  Dodge: Dodged            |    30 |    27 |    26 ||    83

Table legend: (Time is in decaauts)
 A = Elapsed time spent in this place.
 B = Non-inter-level travel time spent in this place.
 C = Inter-level travel time spent in this place.
 D = Time resting spent in this place.
 E = Time spent auto-exploring this place.
 F = Levels seen in this place.
 G = Mean time per level.
                   A        B        C        D        E       F      G
               +--------+--------+--------+--------+--------+-----+--------+
         Total |   1934 |   1844 |     90 |     28 |   1254 |   6 |  322.3 |
       Dungeon |   1934 |   1844 |     90 |     28 |   1254 |   6 |  322.3 |
               +--------+--------+--------+--------+--------+-----+--------+

Top non-repeatable levels by time:
     D:4: 459 daAuts
     D:1: 425 daAuts
     D:3: 419 daAuts
     D:5: 328 daAuts
     D:2: 194 daAuts
     D:6: 107 daAuts
